AoeStats
← StepingBySky

Nomad

505285497Analyzed
3v3 RM · 25d ago on Sep 8, 2026· 57m 58s· 6 players
Game mode
Random Map
Map size
210×210
Population
200
Speed
Normal
Resources
Standard
Victory
Conquest
Starting age
Dark Age
Ending age
Imperial Age
RankedLock teamsTeams togetherTeam positionsShared explorationLock speedFull tech treeHidden civsTurbo modeCheats
Victory
Defeat
🇨🇳 Persians · China
854
+17
🇺🇸 Spanish · United States
804
+19
🇲🇽 Maya · Mexico
787
+21
🇷🇺 Inca · Russia
894
-37
🇪🇸 Spanish · Spain
893
-19
🇩🇰 Cumans · Denmark
853
-18
NaxoSJ
6:13 Loom
13:47 Feudal Age
23:24 Castle Age
21:28 Stone Mining
32:17 Fletching
35:54 Pikeman
36:34 Squires
38:08 Bodkin Arrow
44:03 Murder Holes
46:57 Gambesons
BLITZKRIEG
4:40 Loom
18:56 Feudal Age
19:32 Double-Bit Axe
19:31 Fishing Lines
22:37 Wheelbarrow
22:19 Gold Mining
22:20 Stone Mining
22:12 Horse Collar
26:02 Bloodlines
28:22 Castle Age
26:35 Town Watch
29:19 Forging
29:14 Scale Barding Armor
29:34 Hand Cart
29:20 Town Patrol
30:42 Gillnets
31:50 Steppe Husbandry
35:53 Murder Holes
35:20 Capped Ram
41:42 Imperial Age
39:25 Bow Saw
39:16 Heavy Plow
40:25 Iron Casting
40:10 Chain Barding Armor
39:44 Fletching
40:08 Masonry
41:47 Elite Steppe Lancer
43:17 Conscription
43:19 Elite Kipchak
45:18 Siege Ram
46:04 Bodkin Arrow
48:36 Light Cavalry
49:20 Hussar
56:56 Blast Furnace
56:17 Chain Barding Armor
StepingBySky
15:19 Feudal Age
15:51 Horse Collar
19:26 Town Watch
21:34 Wheelbarrow
21:43 Double-Bit Axe
21:53 Gold Mining
28:34 Castle Age
30:05 Bow Saw
35:43 Arson
35:21 Elite Skirmisher
36:45 Fletching
37:36 Bodkin Arrow
39:12 Stone Mining
40:48 Town Patrol
40:28 Demolition Ship
50:50 Heavy Plow
53:00 Medium Warships
54:09 Stone Shaft Mining
WHIRLYBIRDER
14:02 Feudal Age
14:52 Double-Bit Axe
17:11 Horse Collar
19:50 Fishing Lines
20:52 Wheelbarrow
23:21 Castle Age
24:12 Stone Mining
24:20 Loom
26:13 Forging
26:33 Bow Saw
28:48 Iron Casting
28:49 Town Watch
29:20 Hand Cart
36:23 Scale Barding Armor
40:26 Heavy Plow
42:10 Gold Mining
44:28 Bloodlines
45:47 Stone Shaft Mining
50:04 Imperial Age
48:21 Scale Barding Armor
48:10 Fletching
48:22 Padded Archer Armor
50:01 Chain Barding Armor
49:37 Bodkin Arrow
50:40 Cavalier
51:42 Husbandry
52:45 Blast Furnace
52:21 Plate Barding Armor
53:42 Paladin
58:37 Hoardings
58:23 Conscription
JANROD2944
7:45 Loom
15:30 Feudal Age
17:05 Wheelbarrow
16:17 Double-Bit Axe
17:25 Fishing Lines
20:22 Horse Collar
23:24 Castle Age
23:18 Forging
23:06 Gold Mining
24:53 Bow Saw
24:53 Squires
25:19 Gillnets
26:23 Stone Mining
26:35 Eagle Warrior
27:03 Arson
27:06 Treadmill Crane
29:32 Iron Casting
28:57 Scale Mail Armor
28:57 Murder Holes
29:59 Padded Archer Armor
30:05 Heavy Plow
30:44 Pikeman
31:25 Town Watch
32:53 Ballistics
34:02 Hand Cart
34:36 Stone Shaft Mining
36:25 Town Patrol
38:19 Fletching
38:45 Leather Archer Armor
38:46 Chain Mail Armor
42:27 Imperial Age
40:11 Masonry
41:11 Hul'che Javelineers
42:23 Bodkin Arrow
42:36 Capped Ram
44:08 Holcans
44:41 Elite Plumed Archer
45:36 Elite Eagle Warrior
46:33 Halberdier
48:35 Chemistry
48:38 Herbal Medicine
48:29 Siege Ram
52:30 Architecture
53:43 Two-Man Saw
53:17 Crop Rotation
55:34 Blast Furnace
55:05 Plate Mail Armor
54:36 Bracer
55:06 Ring Archer Armor
1627684093
6:14 Loom
19:00 Feudal Age
19:29 Double-Bit Axe
19:27 Horse Collar
27:28 Castle Age
29:21 Bloodlines
41:02 Wheelbarrow
40:12 Town Watch
41:13 Bow Saw
41:06 Heavy Plow
46:47 Hand Cart
46:33 Town Patrol
48:46 Forging
48:41 Scale Barding Armor
51:09 Scale Barding Armor
51:40 Iron Casting
51:30 Masonry
57:17 Imperial Age
Connection lost

Rejoining the realm…

Still unreachable

The connection could not be restored.

Session expired

The server has moved on; the page needs a fresh start.